 Dungeon Crawl Stone Soup version 0.22.1 (webtiles) character file.

210 Fang the Skirmisher (level 5, 0/34 HPs)
             Began as a Gargoyle Berserker on Sept 14, 2018.
             Was a Believer of Trog.
             Slain by a gnoll
             ... wielding a +0 club
              (3 damage)
             ... while paralysed
             ... on level 3 of the Dungeon on Sept 17, 2018.
             The game lasted 00:01:57 (1960 turns).

Fang the Skirmisher (Gargoyle Berserker)            Turns: 1960, Time: 00:01:58

Health: 0/34       AC:  6    Str: 22    XL:     5   Next: 87%
Magic:  5/5        EV:  2    Int:  7    God:    Trog [**....]
Gold:   138        SH:  0    Dex:  9    Spells: 4/4 levels left

rFire    . . .     SeeInvis .   a - +0 hand axe
rCold    . . .     Gourm    .   (no shield)
rNeg     + . .     Faith    .   b - +0 animal skin
rPois    ∞         Spirit   .   (no helmet)
rElec    +         Reflect  .   (no cloak)
rCorr    .         Harm     .   (no gloves)
MR       .....                  (no boots)
Stlth    +.........             (no amulet)
HPRegen  0.11/turn              (no ring)
MPRegen  0.09/turn              (no ring)

@: paralysed, berserk cooldown, slowed
A: negative energy resistance 1, electricity resistance, unbreathing,
petrification resistance, rot immunity, AC +4
a: Berserk, Trog's Hand, Renounce Religion


You were on level 3 of the Dungeon.
You worshipped Trog.
Trog was pleased with you.
You were hungry.

You visited 1 branch of the dungeon, and saw 3 of its levels.

You collected 138 gold pieces.

Inventory:

Hand Weapons
 a - a +0 hand axe (weapon)
Armour
 b - a +0 animal skin (worn)
Wands
 j - a wand of random effects (21)
Scrolls
 d - 2 scrolls of identify {unknown}
 g - a scroll of magic mapping {unknown}
 i - a scroll of teleportation {unknown}
 k - a scroll of amnesia {unknown}
 m - 2 scrolls of remove curse {unknown}
 o - a scroll of fear {unknown}
Potions
 e - a potion of lignification {unknown}
 f - a potion of degeneration {unknown}
 h - 2 potions of haste
 l - 2 potions of flight {unknown}
 n - a potion of might
Comestibles
 c - 5 rations


   Skills:
 + Level 4.5 Fighting
 + Level 4.2 Axes
 + Level 2.3 Armour
 + Level 2.8 Dodging
 + Level 0.5 Stealth


You had 4 spell levels left.
You didn't know any spells.
Your spell library was empty.

Dungeon Overview and Level Annotations

Branches:
Dungeon (3/15)

Altars:

Annotations:
D:3 Ijyb


Innate Abilities, Weirdness & Mutations

You are resistant to torment.
Your stone body is resilient. (AC +4)
You are immune to poison.
You resist negative energy. (rN+)
You are resistant to electric shocks. (rElec)
You can survive without breathing.
You are immune to petrification.
You are immune to rotting.


Message History

Trog accepts your kill.
You closely miss the gnoll. You barely miss the gnoll. You hit the ball python.
You kill the ball python!
Trog accepts your kill.
You are no longer berserk.
You pass out from exhaustion.
You feel yourself slow down. The gnoll hits you but does no damage.
Ijyb hits you with a dagger of venom. The gnoll hits you with a club.
The gnoll hits you but does no damage. Ijyb hits you with a dagger of venom.
The gnoll hits you with a club. The gnoll hits you with a whip.
Ijyb hits you but does no damage. The gnoll hits you with a club.
* * * LOW HITPOINT WARNING * * *
The gnoll hits you with a whip.
* * * LOW HITPOINT WARNING * * *
Ijyb hits you with a dagger of venom.
* * * LOW HITPOINT WARNING * * *
The gnoll hits you with a club.
You die...

.# <.# .. ### ..
..# #. ..#
#.##..#####
#†#<.......
#.@g......#
#g.g.......
.........%...
....#..........
.$..<...........
>###............
####..>.....%
........).


You could see Ijyb and 2 gnolls.

Vanquished Creatures
  An orc wizard (D:2)
  Natasha (thrice) (D:2)
  2 adders
  A gnoll (D:3)
  An ooze (D:2)
  A worm (D:2)
  A dart slug (D:1)
  3 orcs
  2 ball pythons
  3 bats
  3 giant cockroaches
  4 goblins
  8 hobgoblins
  12 jackals
  6 kobolds
  4 frilled lizards
  7 rats
62 creatures vanquished.

Notes
Turn   | Place    | Note
-------+----------+-------------------------------------------
     0 | D:1      | Fang the Gargoyle Berserker began the quest for the Orb.
     0 | D:1      | Reached XP level 1. HP: 14/14 MP: 1/1
   304 | D:1      | Reached XP level 2. HP: 16/19 MP: 2/2
   597 | D:1      | Reached XP level 3. HP: 23/24 MP: 3/3
   711 | D:1      | Upgraded the game from 0.22.0-75-g3901e79 to 0.22.1
   772 | D:2      | Reached ** piety under Trog
   824 | D:2      | Noticed Natasha
   834 | D:2      | Killed Natasha
   834 | D:2      | Reached XP level 4. HP: 21/29 MP: 4/4
   973 | D:2      | Noticed Natasha
   981 | D:2      | Killed Natasha
  1347 | D:2      | Noticed Natasha
  1357 | D:2      | Killed Natasha
  1357 | D:2      | Reached XP level 5. HP: 34/34 MP: 5/5
  1941 | D:3      | Noticed Ijyb
  1960 | D:3      | Slain by a gnoll

Skill      XL: |  1  2  3  4 |
---------------+-------------+-----
Axes           | 3 4 |  4.2
Fighting       | 4 |  4.5
Dodging        | 2 |  2.8
Armour         | |  2.3
Stealth        | |  0.5

Action                   |  1- 3 |  4- 6 || total
-------------------------+-------+-------++-------
Melee: Hand axe          |    84 |   111 ||   195
Invok: Berserk           |     2 |     4 ||     6
 Stab: Sleeping          |       |     1 ||     1
  Eat: Chunk             |     1 |     7 ||     8
Armor: Animal skin       |    25 |    33 ||    58
Dodge: Dodged            |    45 |    84 ||   129
